AoeStats
← ilostmyscout

Hideout

509959155Analyzed
1v1 RM · 3d ago on Sep 28, 2026· 94m 19s· 2 players
Game mode
Random Map
Map size
Tiny (2 player)
Population
200
Speed
Normal
Resources
Standard
Victory
Conquest
Starting age
Dark Age
Ending age
Imperial Age
RankedLock teamsTeams togetherTeam positionsShared explorationLock speedFull tech treeHidden civsTurbo modeCheats
Victory
Defeat
🇨🇭 Spanish · Switzerland
766
+14
🇨🇿 Byzantines · Czechia
729
-14
Zelenius
8:16 Loom
11:56 Feudal Age
12:37 Horse Collar
18:41 Castle Age
17:05 Double-Bit Axe
18:37 Scale Mail Armor
18:53 Forging
20:15 Heavy Plow
27:13 Wheelbarrow
27:30 Gold Mining
28:44 Bow Saw
28:15 Crossbowman
32:08 Iron Casting
31:33 Scale Mail Armor
31:38 Scale Barding Armor
31:36 Padded Archer Armor
31:27 Fletching
32:12 Thumb Ring
34:55 Imperial Age
32:50 Ballistics
32:26 Murder Holes
33:13 Coinage
32:50 Elite Skirmisher
33:19 Light Cavalry
34:48 Gold Shaft Mining
34:03 Stone Mining
34:48 Gold Shaft Mining
35:16 Hand Cart
37:05 Chemistry
35:52 Arrowslits
35:39 Arbalester
38:04 Two-Man Saw
37:36 Crop Rotation
37:56 Fortified Wall
38:27 Stone Shaft Mining
38:21 Bodkin Arrow
39:06 Banking
39:43 Guilds
39:51 Leather Archer Armor
39:37 Bracer
40:01 Conscription
43:40 Hoardings
44:01 Chain Mail Armor
47:01 Ring Archer Armor
46:52 Chain Barding Armor
47:02 Plate Mail Armor
47:24 Elite Cataphract
49:30 Sanctity
49:49 Plate Barding Armor
50:36 Logistica
50:26 Greek Fire
53:36 Hussar
56:46 Bombard Tower
62:12 Heavy Camel Rider
63:00 Pikeman
63:41 Squires
ilostmyscout
0:41 Loom
12:33 Feudal Age
13:48 Wheelbarrow
13:08 Double-Bit Axe
13:05 Horse Collar
13:57 Man-at-Arms
20:46 Castle Age
20:30 Stone Mining
21:05 Long Swordsman
22:03 Hand Cart
22:04 Bow Saw
23:11 Gambesons
32:58 Pikeman
36:50 Imperial Age
34:48 Squires
34:37 Arson
37:18 Forging
37:09 Scale Mail Armor
37:50 Two-Handed Swordsman
37:51 Halberdier
37:55 Capped Ram
38:34 Cavalier
39:24 Bloodlines
39:15 Husbandry
39:30 Town Watch
39:14 Champion
40:48 Iron Casting
40:30 Chain Mail Armor
42:18 Paladin
44:08 Thumb Ring
43:23 Elite Skirmisher
43:34 Onager
43:35 Siege Ram
44:49 Gold Mining
45:34 Stone Shaft Mining
45:59 Conscription
46:04 Supremacy
45:47 Light Cavalry
47:00 Fortified Wall
47:11 Ballistics
47:52 Chemistry
47:03 Masonry
46:49 Murder Holes
46:56 Hussar
48:57 Scale Barding Armor
49:52 Blast Furnace
51:52 Two-Man Saw
50:55 Heavy Plow
51:49 Elite Conquistador
56:35 Hoardings
60:20 Chain Barding Armor
63:41 Plate Barding Armor
63:36 Plate Mail Armor
69:38 Architecture
72:13 Fletching
72:23 Padded Archer Armor
75:16 Bodkin Arrow
75:37 Leather Archer Armor
Connection lost

Rejoining the realm…

Still unreachable

The connection could not be restored.

Session expired

The server has moved on; the page needs a fresh start.